cohdb
Replays
Latest Replays
All Replays
Popular Replays
Top Player Replays
Match Explorer
How It Works
Community
CoH3 Stats
Reddit
Sign in to upload your games and track your stats! →
Sign in with Steam
Match 40306175
Unlisted
Match 40306175
Overview
Messages
Build Orders
End
Construct Infanterie Kompanie
Selects Breakthrough Battlegroup
MG 42 Machine Gun Team
Selects Assault Grenadiers
Grenadier Squad
Grenadier Squad
Construct Panzergrenadier Kompanie
Panzergrenadier Squad
Selects Breakthrough
Pak 40 Anti-tank Gun Team
Selects Mechanized Assault Group
Mechanized Assault Group
Swan
deadsadbadmad
R4md4c
Ace
0
0
Comments
sign in to comment!
No comments posted yet!